006, lawful female human Valkyrie ------ |....|`##################################### |.....######## ------ -------------# |....|# # |.....### |`.........`|# |....|# ##.....| # |.....`.....|# --.---# |...<-# ### |...-----...|# ##### |....| # |...%.{.|...|# # ------ ### |..`|{.{|`..-## ##@## # |...|.{.|...|# -.-.--------- ##B ------- ###|.%.-----...|### |...........| #######|.....| #-....%`.....| # |...........| # ###|.....| |`.........`| ##............-## #.^....| ------------- ------------- |.....| ..*..| ------- 006 the Skirmisher Experience level: 3 Strength: 18/06 Dexterity: 15 Constitution: 14 Intelligence: 8 Wisdom: 7 Charisma: 8 Health: 0(28) Energy: 6(6) Def: 4 Gold: 633 Moves: 967 Dungeon seed: e69_ymCjSXIbgJuj Game ID: 006_1587148623 Your Inventory: Coins $ - 633 gold pieces Weapons a - a +1 long sword (weapon in hand) b - a +0 dagger g - 8 +0 arrows (in quiver) Armor e - an uncursed +3 small shield (being worn) Comestibles c - an uncursed food ration d - 2 uncursed slime molds f - an uncursed eucalyptus leaf h - an uncursed apple i - an uncursed egg k - an uncursed partly eaten food ration m - an uncursed tin of gnome meat Potions j - an uncursed potion of gain level l - an uncursed potion of sleeping Gems n - an uncursed citrine stone q - an uncursed worthless piece of green glass r - an uncursed worthless piece of yellow glass Spells and supernatural/magical abilities: Name Level Category Fail Memory W - pray for help -- divine ? -- Your skills at the end: Fighting Skills Weapon Skills dagger [Basic] long sword [Basic] Spellcasting Skills Final Attributes: You were devoutly aligned. You were cold resistant. You were stealthy. You are dead. Vanquished creatures: a homunculus an orc zombie an acid blob a gas spore a giant rat a gecko a sewer rat 6 grid bugs 4 bats a lichen 2 kobold zombies a newt 21 creatures vanquished. Voluntary challenges: You followed a strict vegan diet. You used a wielded weapon 14 times, starting on turn 7. You were illiterate. You never genocided any monsters. You never polymorphed an object. You never changed form. You used no wishes. You never split a pudding. You never wrote Elbereth's name. You violated your moral code, losing 3 points of alignment, starting on turn 962. Dungeon overview: The Dungeons of Doom: levels 1 to 5 Level 1 a long staircase Level 2 Level 3 some fountains Level 4 Level 5 <- You were here many fountains History has recorded: On T:1 you entered the Dungeons of Doom to retrieve the Amulet of Yendor! On T:153 you reached level 2 of The Dungeons of Doom. On T:187 you reached level 3 of The Dungeons of Doom. On T:483 you reached level 4 of The Dungeons of Doom. On T:612 you reached level 5 of The Dungeons of Doom. On T:667 you advanced to experience level 2. On T:779 you advanced to experience level 3. Score breakdown: Gold: 633 ( 9531 points) Experience: 3 levels ( 7878 points) Exploration: 5 levels ( 9.80%) ( 8485 points) Discoveries: 0 items ( 0.00%) ( 0 points) Valuables value: (no points given unless you survive) Artifact value: 0 ( 0 points) Variety of kills: 12 monsters ( 3.15%) ( 5324 points) Turncount: 967 turns ( 0 points) Survival: died (score multiplied by 80%) Total score: 24974 Latest messages: The giant bat starts to attack you, but pulls back. The bat starts to attack you, but pulls back. The giant bat starts to attack you, but pulls back. The bat starts to attack you, but pulls back. The giant bat starts to attack you, but pulls back. The kitten bites the bat. The bat is killed! The giant bat starts to attack you, but pulls back. You feel that Tyr is well-pleased. You feel much better. You are still in a pit. The giant bat misses. You are still in a pit. The giant bat bites! You crawl to the edge of the pit. The giant bat misses. The giant bat bites! You displace your kitten. The kitten falls into a pit! The kitten yowls! The giant bat bites! (6x) You die... Final status: Farvel 006 the Valkyrie, killed by a giant bat... You died in The Dungeons of Doom on dungeon level 5 with 24974 points, and 633 pieces of gold, after 967 moves. You were level 3 with a maximum of 28 hit points when you died.